 Dungeon Crawl Stone Soup version 0.32-a0-975-g85d4e5bfdb (webtiles) character file.

Game seed: 8299223788983782308

274 GordonOverkill the Sneak (level 6, 0/52 HPs)
             Began as a Draconian Delver on Apr 19, 2024.
             Slain by Menkaure (15 damage)
             ... on level 4 of the Dungeon.
             The game lasted 00:04:02 (1495 turns).

GordonOverkill the Sneak (Draconian Delver)         Turns: 1495, Time: 00:04:02

Health: 0/52       AC:  6    Str: 14    XL:     6   Next: 3%
Magic:  11/11      EV: 11    Int: 20    God:
Gold:   73         SH:  0    Dex: 16    Spells: 12/12 levels left

rFire   . . .        h - +8 long sword "Juk Lua" {heavy, Int+8 Dex+3}
rCold   . . .        (no shield)
rNeg    . . .        (body armour unavailable)
rPois   .            (helmet restricted)
rElec   .            (no cloak)
rCorr   .            (no gloves)
SInv    .            (no boots)
Will    .....        (no amulet)
Stlth   +++          (no ring)
HPRegen 0.28/turn    (no ring)
MPRegen 0.12/turn

%: no passive effects
@: hasted, very quick
A: AC +6, unfitting armour, cold-blooded
a: no special abilities


You were on level 4 of the Dungeon.
You visited 1 branch of the dungeon, and saw 3 of its levels.

You collected 73 gold pieces.

Inventory:

Hand Weapons
 h - the +8 long sword "Juk Lua" (weapon) {heavy, Int+8 Dex+3}
   (You found it on level 5 of the Dungeon)

   Int+8:     It affects your intelligence (+8).
   Dex+3:     It affects your dexterity (+3).
Wands
 f - a wand of digging (3)
Scrolls
 b - a scroll of fog
 c - a scroll of revelation
 d - a scroll of fear
Potions
 a - 3 potions of curing {unknown}
 g - a potion of brilliance {unknown}
 i - a potion of cancellation {unknown}
 j - a potion of might {unknown}


   Skills:
 - Level 4.0 Fighting
 - Level 2.0(3.1) Short Blades
 - Level 3.7(4.0) Long Blades
 - Level 1.7 Dodging
 - Level 4.5 Stealth
 + Level 3.5 Spellcasting


You had 12 spell levels left.
You didn't know any spells.
Your spell library contained the following spells:

 Spells                   Type           Power      Damage    Failure   Level
 Tukima's Dance           Hex            3%         N/A       38%         3
 Dimensional Bullseye     Hex/Tloc       1%         N/A       80%         4
 Iskenderun's Mystic Bla Conj/Tloc 3%             2d3        (+2d1     80%         4


Dungeon Overview and Level Annotations

Branches:
Dungeon (6/15)
 Temple: D:4-7

Altars:
Ru
Uskayaw

Shops:
D:4 :

Annotations:
D:4 exclusion: ogre, Menkaure


Innate Abilities, Weirdness & Mutations

Your plain brown scales are hard. (AC +6)
You cannot fit into any form of body armour.
You are cold-blooded and may be slowed by cold attacks.


Message History

The adder is moderately wounded.
The adder bites you. The adder bites you but does no damage.
The adder misses you.
You miss the adder.
The adder is moderately wounded.
The adder bites you. x2
You slice the adder!!
You kill the adder!
You have reached level 6!
Your scales feel tougher.
Unknown command.
You start resting.
HP restored.
Things that are here:
an adder corpse; a giant cockroach corpse
Found a stone staircase leading up.
Found an escape hatch in the ceiling.
There is an escape hatch in the ceiling here.
You now have 73 gold pieces (gained 6).
Menkaure is nearby!
Menkaure is nearby!
Menkaure is nearby!
Menkaure is nearby!
Menkaure is nearby!
You start waiting.
Done waiting.
Nothing quivered!
Found an escape hatch in the floor.
There is an escape hatch in the floor here.
You start waiting.
Menkaure is nearby!
Menkaure hits you.
You feel yourself speed up. Menkaure hits you!!
* * * LOW HITPOINT WARNING * * *
You barely miss Menkaure. Menkaure hits you!
* * * LOW HITPOINT WARNING * * *
You barely miss Menkaure.
You tail-slap Menkaure, but do no damage.
Menkaure hits you!
You die...

.##.####..# #.#..### #.# #
.##....#..# #.#....# #.# #
.#####.#..# #.#.##.# #.# #
..........# #.#.##.## #.# #
######.##.# #.#.##..###.#####
#....#.##.# #.#.###..........
#......##.# #.#.#######...###
####.####.#######M#..............
#.# #...>...@.#..############ #.#
###########..##.....†.... #.#
#....##.######### #.# #.#......#
#.... #.# #.#####..# #.### #.#
#........# #.# #.#
########.####.# #.#
#.............### #.#
#.######.........


You could see Menkaure.

Vanquished Creatures
  A phantom (D:5)
  3 hounds (D:4)
  A sleepcap (D:5)
  An orc wizard (D:4)
  3 adders
  8 orcs
  3 ball pythons (D:4)
  An endoplasm (D:4)
  A giant cockroach (D:4)
  2 goblins (D:4)
  A hobgoblin (D:4)
  2 quokkas (D:4)
  A kobold (D:4)
28 creatures vanquished.

Notes
Turn   | Place    | Note
-------+----------+-------------------------------------------
     0 | D:5      | GordonOverkill the Draconian Delver began the quest for the
                  | Orb.
     0 | D:5      | Reached XP level 1. HP: 19/19 MP: 1/1
    37 | D:5      | Noticed a phantom
    75 | D:5      | Found a sacrificial altar of Ru.
   149 | D:5      | Identified the +8 long sword "Juk Lua" {heavy, Int+8 Dex+3}
   197 | D:5      | Reached skill level 1 in Long Blades
   199 | D:5      | Reached XP level 2. HP: 20/26 MP: 2/2
   227 | D:5      | Killed a phantom
   228 | D:5      | Reached XP level 3. HP: 24/31 MP: 3/3
   228 | D:5      | Reached XP level 4. HP: 29/38 MP: 4/4
   381 | D:4      | Noticed an ogre
   408 | D:4      | Reached skill level 1 in Spellcasting
   508 | D:4      | Found Omoyz's Book Shop.
   517 | D:4      | Noticed a +0 hand axe
   518 | D:4      | Noticed a +0 dagger
   524 | D:4      | Reached XP level 5. HP: 45/46 MP: 6/8
   545 | D:4      | Found a hide-covered altar of Uskayaw.
   622 | D:4      | Noticed Menkaure
  1206 | D:4      | Reached XP level 6. HP: 45/52 MP: 11/11
  1495 | D:4      | Slain by Menkaure

Illustrated notes

Levels and vault maps discovered:
D:4:      layout_basic, dancing_weapons_uskayaw, serial_shops,
          nicolae_shop_temple_entry_statues_fountains, grunt_ministairs_6,
          uniq_menkaure
D:5:      layout_basic, general_overflow_altar, nicolae_ashenzari_skybound
D:6:      minmay_cornered_nines, layout_basic, minmay_temple_entry_ruins,
          roderic_lattice_a

Skill      XL: |  1  2  3  4  5 |
---------------+----------------+-----
Long Blades    | 1 3 |  3.7
Fighting       | 4 |  4.0
Spellcasting   | 2 3 |  3.5
Short Blades   | |  2.0
Dodging        | |  1.7
Stealth        | |  4.5

Action                     |  1- 3 |  4- 6 || total
---------------------------+-------+-------++-------
  Melee: Long sword        |     9 |    39 ||    48
         Tailslap          |     1 |     3 ||     4
    Use: Potion            |       |     1 ||     1
   Stab: Sleeping          |       |     3 ||     3
         Distracted        |       |     1 ||     1
 Armour: Skin              |     7 |    31 ||    38
  Dodge: Dodged            |     5 |    18 ||    23

Table legend: (Time is in decaauts)
 A = Elapsed time spent in this place.
 B = Non-inter-level travel time spent in this place.
 C = Inter-level travel time spent in this place.
 D = Time resting spent in this place.
 E = Time spent auto-exploring this place.
 F = Levels seen in this place.
 G = Mean time per level.
                   A        B        C        D        E       F      G
               +--------+--------+--------+--------+--------+-----+--------+
         Total |   1532 |   1532 |      0 |    303 |    697 |   3 |  510.7 |
       Dungeon |   1532 |   1532 |      0 |    303 |    697 |   3 |  510.7 |
               +--------+--------+--------+--------+--------+-----+--------+

Top non-repeatable levels by time:
     D:4: 1140 daAuts
     D:5: 390 daAuts
     D:6: 1 daAuts
